 Seeded DCSS version 0.26.1-10-gdfb7c7de75 (webtiles) character file.

Game seed: 13932987171401867445 (custom seed)

104 oldmanjim the Ruffian (level 4, -10/37 HPs)
             Began as a Draconian Transmuter on Mar 31, 2021.
             Killed by divine providence
             ... invoked by an orc priest
              (14 damage)
             ... on level 3 of the Dungeon.
             The game lasted 00:08:58 (2581 turns).

oldmanjim the Ruffian (Draconian Transmuter)        Turns: 2581, Time: 00:08:59

Health: -10/37     AC:  6    Str: 19    XL:     4   Next: 52%
Magic:  7/7        EV: 12    Int: 14    God:
Gold:   124        SH:  0    Dex: 11    Spells: 6/7 levels left

rFire    . . .     SeeInvis .     - Unarmed
rCold    . . .     Faith    .   (no shield)
rNeg     . . .     Spirit   .   (armour unavailable)
rPois    .         Reflect  .   (helmet restricted)
rElec    .         Harm     .   e - +0 cloak
rCorr    .         Rampage  .   (no gloves)
Will     .....                  (no boots)
Stlth    +.........             (no amulet)
HPRegen  0.12/turn              j - +6 ring of strength
MPRegen  0.10/turn              (no ring)

@: no status effects
A: unfitting armour, cold-blooded, AC +5
a: no special abilities


You were on level 3 of the Dungeon.
You visited 1 branch of the dungeon, and saw 3 of its levels.

You collected 124 gold pieces.

Inventory:

Hand Weapons
 b - a +0 hunting sling
Missiles
 a - 55 stones
Armour
 e - a +0 cloak (worn)
Jewellery
 j - a +6 ring of strength (left hand)
Wands
 o - a wand of digging (7)
Scrolls
 c - 2 scrolls of remove curse {unknown}
 d - a scroll of magic mapping {unknown}
 h - 4 scrolls of identify {unknown}
 i - a scroll of blinking {unknown}
 k - a scroll of fear {unknown}
 m - a scroll of noise {unknown}
Potions
 f - 2 potions of heal wounds {unknown}
 g - a potion of lignification {unknown}
 l - a potion of curing {unknown}
 n - 2 potions of brilliance {unknown}
 p - a potion of haste {unknown}


   Skills:
 + Level 2.9 Fighting
 - Level 1.7 Dodging
 + Level 3.9 Unarmed Combat
 - Level 2.0 Spellcasting
 + Level 3.1 Transmutations


You had 6 spell levels left.
You knew the following spells:

 Your Spells              Type           Power        Failure   Level
a - Beastly Appendage     Tmut           20%          6%          1

Your spell library contained the following spells:

 Spells                   Type           Power        Failure   Level
 Wereblood                Tmut           10%          10%         2
 Spider Form              Tmut/Pois      2%           36%         3
 Ice Form                 Ice/Tmut       5%           77%         4
 Blade Hands              Tmut           5%           87%         5


Dungeon Overview and Level Annotations

Branches:
Dungeon (3/15)

Altars:
Elyvilon
Vehumet
Yredelemnul


Innate Abilities, Weirdness & Mutations

Your plain brown scales are hard. (AC +5)
You cannot fit into any form of body armour.
You are cold-blooded and may be slowed by cold attacks.


Message History

A bat comes into view.
You shoot a stone. The stone hits the quokka.
You kill the quokka!
You shoot a stone.
The stone hits the orc priest but does no damage.
The orc priest is heavily wounded.
The bat hits you but does no damage.
The orc priest hits you from afar with a +0 trident.
You are too injured to fight recklessly!
You are now empty-handed.
You punch the jackal!
You kill the jackal!
The bat closely misses you.
The orc priest mumbles some strange prayers to Beogh against you.
Beogh smites you!
* * * LOW HITPOINT WARNING * * *
The bat hits you but does no damage.
The orc priest mumbles some strange prayers to Beogh against you.
Beogh smites you!
You die...

#.##...##.#
#.##...##.#
#.##......#
####.##......########
+.....'....()..†.....
####)##...##.########
#.##...##.#
#.##...##.#
#@#######.#
.[.....o.........
#####.#b#######..
...... ... (.. .(.
.... .......(.. ....
...(. ...........


You could see an orc priest and a bat.

Vanquished Creatures
  4 adders
  2 oozes
  2 worms (D:2)
  2 dart slugs (D:1)
  A leopard gecko (D:2)
  3 orcs (D:3)
  A ball python (D:1)
  6 bats
  A giant cockroach (D:2)
  6 hobgoblins
  2 jackals (D:3)
  2 quokkas
  2 frilled lizards
  6 goblins
  2 kobolds (D:2)
  5 rats
47 creatures vanquished.

Notes
Turn   | Place    | Note
-------+----------+-------------------------------------------
     0 | D:1      | oldmanjim the Draconian Transmuter began the quest for the
                  | Orb.
     0 | D:1      | Reached XP level 1. HP: 16/16 MP: 3/3
   272 | D:1      | Reached XP level 2. HP: 22/23 MP: 5/5
  1002 | D:2      | Reached XP level 3. HP: 22/29 MP: 6/6
  1669 | D:2      | Found a white marble altar of Elyvilon.
  1711 | D:2      | Reached XP level 4. HP: 37/37 MP: 7/7
  1873 | D:2      | Found a radiant altar of Vehumet.
  2257 | D:2      | Found a basalt altar of Yredelemnul.
  2581 | D:3      | Killed from afar by an orc priest

Illustrated notes

Levels and vault maps discovered:
D:1:      lemuel_arrival_lava_pool, layout_loops_ring
D:2:      layout_loops_corners, kennysheep_ying_yang,
          lemuel_coloured_pillars_altar
D:3:      layout_basic, uniq_ijyb

Skill      XL: |  1  2  3  4 |
---------------+-------------+-----
Fighting       | 2 |  2.9
Transmutations | 3 |  3.1
Dodging        | |  1.7
Unarmed Combat | |  3.9
Spellcasting   | |  2.0

Action                   |  1- 3 |  4- 6 || total
-------------------------+-------+-------++-------
Melee: Unarmed           |    57 |     2 ||    59
       Tailslap          |     8 |       ||     8
       Punch             |     2 |       ||     2
       Kick              |     3 |       ||     3
       Headbutt          |     2 |       ||     2
 Fire: Hunting sling     |    81 |    62 ||   143
 Cast: Beastly Appendage |     2 |     1 ||     3
Armor: Skin              |    34 |    13 ||    47
Dodge: Dodged            |    50 |    28 ||    78
